[Event "Early-Titled-Tuesday-Blitz-April-16-2024"]
[Site "Chess.com"]
[Date "2024.04.16"]
[Round "10"]
[White "Rud_Makarian"]
[Black "GMSrinath"]
[Result "1-0"]
[WhiteElo "3019"]
[BlackElo "2835"]
[TimeControl "180+1"]
[EndTime "10:02:18 PDT"]
[Termination "Rud_Makarian won by resignation"]

1. Nf3 d5 2. c4 dxc4 3. e3 Nf6 4. Bxc4 e6 5. d4 a6 6. Nc3 c5 7. Bb3 cxd4 8. exd4 Nc6 9. O-O Be7 10. Re1 O-O 11. Bf4 Nb4 12. Rc1 b5 13. d5 Nbxd5 14. Nxd5 Nxd5 15. Bxd5 exd5 16. Nd4 Bf6 17. Nc6 Qd7 18.
Be5 Bg5 19. Rc3 d4 20. Nxd4 Bb7 21. Rc7 Qd5 22. Qg4 f6 23. Ne6 Rae8 24. Rxg7+ Kh8 25. Rxg5 Qxe6 26. Rf5 Qc6 27. Bxf6+ Rxf6 28. Rxe8+ Qxe8 29. h3 Qe1+ 30. Kh2 Qe6 31. Rxf6 Qxf6 32. Qg3 Qf7 33. Qe5+ Kg8 34. Qg3+ Qg7 35. Qb8+ Qf8 36. Qxb7 Qxf2 37. Qa8+ Kg7 38. Qb7+ Kg8 39. Qd5+ Kg7 40. Qe5+ Kg8 41. a3 Qc2 42. Qg3+ Kf7 43. Qe5 Kg8 44. Kg3 Qd3+ 45.
Kf2 Qc2+ 46. Kf3 Qd1+ 47. Kg3 Qc2 48. Qe6+ Kg7 49. Qg4+ Kh8 50. Qd4+ Kg8 51. Kh2 Qc7+ 52. Kg1 Qc1+ 53. Kf2 Qc2+ 54. Kf3 Qc6+ 55. Kg3 Qc2 56. h4 Qb3+ 57. Kh2 Qc2 58. h5 Qc7+ 59. Kh3 Qc8+ 60. g4 Qc6 61. Kg3 h6 62. Kf4 Qc7+ 63. Kf5 Qf7+ 64. Ke4 Qe6+ 65. Kf3 Qb3+ 66. Ke4 Qe6+ 67.
Kd3 Qb3+ 68. Kd2 Qf3 69. Kc2 Qe2+ 70. Kc3 Qf3+ 71. Kb4 Qc6 72. Ka5 Qe6 73. b4 Qc6 74. Qd8+ Kf7 75. Qb6 Qc3 76. Qa7+ Kg8 77. Qa8+ Kg7 78.
Qb7+ Kg8 79. Qb8+ Kg7 80. Qa7+ Kg8 81. Qxa6 Qxa3+ 82. Kxb5 Qd3+ 83. Kb6 Qd6+ 84. Ka5 Qe5+ 85. Qb5 Qa1+ 86. Kb6 Qd4+ 87. Qc5 Qxg4 88. b5 Qe6+ 89.
Ka5 Qa2+ 90. Kb6 Qe6+ 91. Qc6 Qe3+ 92. Kb7 Qe7+ 93. Ka6 Qa3+ 94. Kb6 Qe3+ 95. Kc7 Qe5+ 96. Kd7 Qd4+ 97. Qd6 Qg4+ 98. Qe6+ 1-0

[Event "Early-Titled-Tuesday-Blitz-April-16-2024"]
[Site "Chess.com"]
[Date "2024.04.16"]
[Round "10"]
[White "MrVenky"]
[Black "Karttunen"]
[Result "0-1"]
[WhiteElo "2537"]
[BlackElo "2691"]
[TimeControl "180+1"]
[EndTime "10:02:25 PDT"]
[Termination "Karttunen won on time"]

1. e4 c5 2. Nf3 d6 3. d4 cxd4 4.
Nxd4 Nf6 5. Nc3 a6 6. Bg5 Nbd7 7.
Qe2 Qc7 8. O-O-O h6 9. Bh4 g5 10. Bg3 Ne5 11. h4 Rg8 12. hxg5 hxg5 13. Kb1 b5 14. f3 Bb7 15. Bxe5 dxe5 16. Nb3 e6 17. Qe3 Bc6 18. Be2 b4 19. Rd3 bxc3 20. Rxc3 Nd7 21.
Rd1 Nb8 22. a3 Be7 23. Nc5 Qa7 24. Qd2 Kf8 25. b4 Kg7 26. Qe3 Rd8 27. Rxd8 Bxd8 28.
g3 Nd7 29. Nxe6+ fxe6 30. Qxa7 Rxa7 31. Rxc6 Kf7 32. Rxa6 Rb7 33. Rd6 Ke7 34. Rd1 Nc5 35. Rh1 Kf6 36. Ka2 Nd7 37. c4 Be7 38. Rb1 Rc7 39.
Kb3 Rb7 40. Kc3 Bc5 41. a4 Bd4+ 42. Kc2 Nb6 43. a5 Na4 44. b5 Nc3 45. Re1 Ra7 46.
a6 Na4 47. Rh1 Nb6 48. Rh6+ Kg7 49. Rxe6 Rc7 50. Kb3 Kf7 51. Rh6 Kg7 52. Rd6 Nd7 53.
Rc6 Rxc6 54. bxc6 Nc5+ 55. Kb4 Nxa6+ 56. Kb5 Nc7+ 57. Kb4 Ba7 58. c5 Kf6 59. Bc4 Ke7 60. Bb5 Ne6 61. Bc4 Nxc5 62. Bd5 Kd6 63. Kb5 Kc7 64. Bc4 Kd6 65. Be2 Bb8 66. Bc4 Bc7 67.
Be2 Nb3 68. Bd1 Nd4+ 69. Kc4 Nxc6 70. Kd3 Kc5 71. Ke2 Nd4+ 72. Kd3 Nb5 73. Bb3 Na7 74.
Be6 Ba5 75. Bg4 Be1 76. f4 exf4 77. gxf4 gxf4 78. e5 Kd5 79. e6 Kd6 80. Ke4 Bd2 81. Kf5 Ke7 82. Bf3 Nc8 83. Ke4 Nd6+ 84. Kd3 Be3 85. Bg4 Kf6 86. Ke2 Nc8 87. Kf3 Ke5 88. Bh3 Ne7 89. Bg4 Bc5 90. Bh3 Bd6 91. Bg4 Ng6 92. Bh3 Nh4+ 93. Kg4 Nf5 94. Kg5 Nd4 0-1

[Event "Early-Titled-Tuesday-Blitz-April-16-2024"]
[Site "Chess.com"]
[Date "2024.04.16"]
[Round "10"]
[White "MIss_MIaMI"]
[Black "SaiAgni_98"]
[Result "0-1"]
[WhiteElo "2357"]
[BlackElo "2477"]
[TimeControl "180+1"]
[EndTime "10:02:26 PDT"]
[Termination "SaiAgni_98 won by checkmate"]

1. e4 c5 2. Nf3 g6 3. d4 cxd4 4. c3 Bg7 5. Bc4 e6 6. cxd4 d5 7. exd5 exd5 8. Bb5+ Bd7 9. Bxd7+ Nxd7 10. O-O Ne7 11.
Qb3 Qb6 12. Nbd2 O-O 13. Qxb6 axb6 14. Re1 Nc6 15. Nb3 Nb4 16. Re7 Rfd8 17. a3 Nc6 18.
Re1 Ra4 19. Be3 Re8 20. Rad1 h6 21. g3 g5 22. h3 f5 23. Kg2 Kf7 24. Rd3 Bf6 25.
Red1 Kg6 26. Ng1 Rc4 27. R1d2 b5 28. Ne2 b4 29. axb4 Rxb4 30. Nec1 b6 31. Na2 Rc4 32. Rd1 Nb4 33. Nxb4 Rxb4 34. Rc3 Nf8 35. Ra1 Ne6 36. Ra6 f4 37. gxf4 gxf4 38. Bd2 Bxd4 39. Nxd4 Rxd4 40. Bc1 Rb4 41. Rc6 Kf5 42. Raxb6 Rxb6 43. Rxb6 Nd4 44. Rxh6 Rg8+ 45. Kf1 Rc8 46. Bd2 Rc2 47. Bc3 Rc1+ 48. Kg2 f3+ 49. Kg3 Rg1+ 50. Kh4 Ne2 51. Rh5+ Ke6 52. Re5+ Kd6 53. Re8 d4 54. Bb4+ Kd5 55. Rf8 Kc4 56. Ba5 Ra1 57. b4 Ng1 58. Kg3 d3 59. h4 d2 60. Rd8 d1=Q 61. Rxd1 Rxd1 62. h5 Rd5 63. Kg4 Rd4+ 64. Kg5 Nh3+ 65. Kg6 Rd6+ 66.
Kf5 Nxf2 67. Ke5 Rd5+ 68. Kf4 Rxh5 69. Kxf3 Nd3 70. Kg4 Rd5 71. b5 Kxb5 72. Bc7 Kc4 73. Bg3 Kd4 74. Kf3 Rf5+ 75. Kg4 Ke4 76. Bc7 Ne5+ 77.
Kg3 Rf3+ 78. Kg2 Ng4 79. Bb6 Ne3+ 80. Kh2 Kd3 81. Bc5 Ke2 82. Bb6 Ng4+ 83. Kg2 Rb3 84. Ba7 Ne3+ 85. Kg3 Nd5+ 86. Kg4 Rb7 87. Bc5 Kd3 88.
Kf5 Kc4 89. Bg1 Nc3 90. Ke6 Rb5 91. Bh2 Ne4 92. Be5 Rd5 93. Bg7 Nc5+ 94. Ke7 Rd7+ 95. Kf6 Kd5 96. Bf8 Ne4+ 97. Kf5 Rf7+ 98. Kg6 Rxf8 99.
Kg7 Rf6 100. Kg8 Ke6 101. Kg7 Ke7 102. Kh7 Ng5+ 103. Kh8 Ne6 104. Kg8 Ke8 105. Kh7 Kf7 106. Kh8 Rh6# 0-1

[Event "Early-Titled-Tuesday-Blitz-April-16-2024"]
[Site "Chess.com"]
[Date "2024.04.16"]
[Round "10"]
[White "KnightDuta"]
[Black "PLAYER_2006_M"]
[Result "1/2-1/2"]
[WhiteElo "2756"]
[BlackElo "2957"]
[TimeControl "180+1"]
[EndTime "10:02:27 PDT"]
[Termination "Game drawn by repetition"]

1. e4 e5 2. Nf3 Nf6 3. Nxe5 d6 4. Nf3 Nxe4 5. d4 d5 6. Bd3 Bd6 7. O-O O-O 8. c4 c6 9. Nc3 Nxc3 10. bxc3 dxc4 11.
Bxc4 Bf5 12. Bg5 Qa5 13. Nh4 Be6 14. Bxe6 Qxg5 15. Nf3 Qa5 16. Bh3 Qxc3 17. Rb1 b6 18. Rb3 Qa5 19. d5 cxd5 20. Ng5 g6 21. Rd3 Nc6 22. Rxd5 Bc5 23. Ne4 Rad8 24. Nf6+ Kg7 25.
Nd7 Qxa2 26. Rd2 Qa5 27. Qc1 Ne5 28. Qb2 f6 29. Ra1 Qb4 30. Rxa7 Qxb2 31. Rxb2 Nxd7 32. Rxd7+ Rxd7 33. Bxd7 Rd8 34. Rd2 f5 35. Kf1 Kf6 36. Rd3 Ra8 37. Rd2 Bb4 38. Rc2 Ra1+ 39. Ke2 Re1+ 40. Kf3 Bc5 41. h3 Rd1 42. Bb5 Rb1 43.
Bc6 Rb3+ 44. Ke2 Ke5 45. Rd2 h5 46. h4 f4 47. Be8 Kf6 48. Rc2 f3+ 49. gxf3 Rb4 50.
Ra2 Rxh4 51. Ra7 Rh2 52. Rf7+ Ke6 53. Rf4 Rxf2+ 54. Kd3 g5 55. Re4+ Kf6 56. Bxh5 Ra2 57. Bg4 Ra3+ 58. Kc4 Ra5 59. Kd5 Kf7 60. Kc6 Ra1 61. Re5 Kf6 62. Rf5+ Kg6 63. Re5 Rc1 64. Re6+ Kf7 65. Kd7 Rd1+ 66. Kc6 Rd4 67. Re5 Kf6 68.
Re6+ Kg7 69. Re5 Kf6 70. Re6+ Kf7 71. Re5 Rd6+ 72. Kb5 Kf6 73. Rf5+ Kg6 74. Re5 Rd1 75. Re6+ Kf7 76. Re5 Rb1+ 77. Kc6 Rc1 78. Kb5 Kf6 79.
Re6+ Kf7 80. Re5 Rb1+ 81. Kc6 Be7 82. Rd5 Kf6 83. Rf5+ Kg7 84. Rd5 Bf6 85. Rb5 Rc1+ 86. Kxb6 Bd4+ 87. Kb7 Kf6 88. Rf5+ Kg6 89. Rd5 Be3 90. Rd6+ Kf7 91. Re6 Bf4 92. Re4 Rc7+ 93. Kb6 Rc1 94. Kb5 Kf6 95. Re6+ Kf7 96. Re4 Bd2 97. Rd4 Bc3 98. Re4 Bd2 99. Rd4 Bf4 100.
Re4 1/2-1/2

[Event "Early-Titled-Tuesday-Blitz-April-16-2024"]
[Site "Chess.com"]
[Date "2024.04.16"]
[Round "10"]
[White "ragnaroek66"]
[Black "MokshAD1603"]
[Result "1/2-1/2"]
[WhiteElo "2538"]
[BlackElo "2618"]
[TimeControl "180+1"]
[EndTime "10:04:20 PDT"]
[Termination "Game drawn by stalemate"]

1. d4 Nf6 2. c4 g6 3. Nc3 d5 4.
cxd5 Nxd5 5. e4 Nxc3 6. bxc3 Bg7 7. Nf3 c5 8. Bb5+ Nd7 9. O-O O-O 10. Re1 a6 11. Bf1 e6 12. Bg5 Qc7 13. Rc1 b6 14. d5 exd5 15. exd5 Bb7 16. d6 Qc6 17. Be7 Rfe8 18.
Qd2 Bf8 19. Bc4 b5 20. Bd3 Bxe7 21. dxe7 Qd6 22. Qe3 Bxf3 23. gxf3 Nf6 24. c4 Ra7 25. Qe5 Qxe5 26. Rxe5 Rd7 27. Bf1 b4 28. Rxc5 Rexe7 29. Rb1 Rd2 30. Rxb4 Rxa2 31. Rc8+ Kg7 32. c5 Ra1 33.
Kg2 Ree1 34. Bd3 Rg1+ 35. Kh3 Rg5 36. c6 Rc1 37. Rc4 Rh5+ 38. Kg3 Rg5+ 39. Kf4 Rxc4+ 40. Bxc4 Rc5 41. Bxa6 Nd5+ 42. Ke4 Ne7 43. Kd4 Rxc6 44. Rxc6 Nxc6+ 45. Ke4 Ne7 46. Bc4 f5+ 47. Ke5 Nc6+ 48. Kf4 Kf6 49. h4 h6 50. Bd5 Nd4 51. Ke3 Ke5 52. Bf7 g5 53. hxg5 hxg5 54. f4+ gxf4+ 55. Kd3 Nc6 56. Be8 Ne7 57. Ke2 Nd5 58. Kf3 Nf6 59. Bc6 Ne4 60. Bb7 Ng5+ 61. Kg2 Kf6 62. Ba8 Kg6 63.
Bb7 Kh5 64. Ba8 Kg4 65. f3+ Kh4 66. Bb7 Nf7 67. Bc8 Nd6 68. Be6 Kg5 69. Bd5 Nb5 70. Bb7 Nc3 71. Ba8 Nd1 72. Bb7 Kh4 73. Ba8 Ne3+ 74. Kf2 Kh3 75. Bb7 Kh4 76. Ba8 Kg5 77. Bb7 Kf6 78. Ba8 Ke5 79. Bb7 Kd4 80. Ba8 Nc4 81.
Bb7 Ne5 82. Ba8 Nd3+ 83. Kg2 Ke3 84. Kf1 Nc1 85. Bb7 Ne2 86. Ba8 Nd4 87. Kg2 Nc2 88. Kf1 Nb4 89. Kg2 Nd3 90. Kf1 Nc5 91. Kg2 Ne6 92. Kf1 Nf8 93. Kg2 Ng6 94. Kh3 Kf2 95. Bb7 Ne7 96. Kh4 Ke3 97. Kg5 Ng8 98. Kxf5 Ne7+ 99.
Kg4 Ng6 100. Kh3 Ne5 101. Kg2 Ng6 102. Kh3 Ne7 103. Kg2 Nf5 104. Kh3 Nd4 105. Kg4 Nb5 106. Ba8 Nd6 107. Kh3 Nf5 108. Kg4 Ng3 109. Kh3 Nf1 110. Kg4 Nd2 111. Bb7 Nc4 112. Kh3 Nd6 113. Ba8 Nc8 114. Kg2 Ne7 115. Bb7 Kd4 116. Kh3 Ke5 117. Kg2 Kf5 118. Kh3 Kg5 119. Kg2 Kh4 120. Ba8 Nf5 121. Bb7 Ne3+ 122. Kf2 Kh3 123. Ba8 Nd1+ 124. Ke2 Nc3+ 125. Kf2 Nb5 126. Ke2 Kg3 127. Kd3 Nd6 128. Bc6 Nf5 129. Bb7 Nh4 130. Ke2 Nf5 131. Ba8 Nd4+ 132. Kd3 Nxf3 133. Ke4 Nd2+ 134. Kd3 Nf1 135. Ke2 Ne3 136. Kd3 Nf5 137. Ke2 Nd4+ 138. Kd3 Ne6 139. Ke2 Nc7 140. Bb7 Kg4 141. Bf3+ Kf5 142. Bb7 Ke5 143. Kf2 Nd5 144. Bxd5 Kxd5 145. Kf3 Ke5 146. Kf2 Ke4 147. Ke2 f3+ 148. Kf2 Kf4 149. Kf1 Kg4 150. Kf2 Kf4 151. Kf1 Kg3 152. Kg1 f2+ 153. Kf1 Kf3 1/2-1/2

[Event "Early-Titled-Tuesday-Blitz-April-16-2024"]
[Site "Chess.com"]
[Date "2024.04.16"]
[Round "11"]
[White "Hercog"]
[Black "Vesper2018"]
[Result "0-1"]
[WhiteElo "2177"]
[BlackElo "2545"]
[TimeControl "180+1"]
[EndTime "10:06:59 PDT"]
[Termination "Vesper2018 won by resignation"]

1. d4 Nf6 2. c4 g6 3. Nc3 Bg7 4.
e4 d6 5. Nf3 O-O 6. Be2 e5 7.
Be3 Ng4 8. Bg5 f6 9. Bc1 Nc6 10. O-O exd4 11. Nxd4 f5 12. Nxc6 bxc6 13. exf5 gxf5 14. h3 Ne5 15. Be3 f4 16. Bd4 f3 17.
Bxf3 Nxf3+ 18. gxf3 Bxh3 0-1

[Event "Early-Titled-Tuesday-Blitz-April-16-2024"]
[Site "Chess.com"]
[Date "2024.04.16"]
[Round "11"]
[White "knightinshiningarmour16"]
[Black "UK_23"]
[Result "0-1"]
[WhiteElo "2345"]
[BlackElo "2484"]
[TimeControl "180+1"]
[EndTime "10:07:37 PDT"]
[Termination "UK_23 won by checkmate"]

1. d4 Nf6 2. Nf3 c5 3. Bf4 cxd4 4. Qxd4 Nc6 5. Qd1 Qb6 6. b3 e5 7. Be3 Qa5+ 8. c3 d5 9. b4 Qc7 10. a3 Bd6 11. Bg5 Be6 12. e3 Ne4 13. Bh4 f6 14. Bd3 g5 15. Bg3 h5 16. h4 Nxg3 17. fxg3 e4 18.
Nd4 Bxg3+ 19. Kf1 Nxd4 20. cxd4 exd3 21. Qxd3 Qc1+ 22. Ke2 Bg4# 0-1

[Event "Early-Titled-Tuesday-Blitz-April-16-2024"]
[Site "Chess.com"]
[Date "2024.04.16"]
[Round "11"]
[White "Let_it_be_1"]
[Black "jcibarra"]
[Result "0-1"]
[WhiteElo "2592"]
[BlackElo "2915"]
[TimeControl "180+1"]
[EndTime "10:07:43 PDT"]
[Termination "jcibarra won by resignation"]

1. e4 c5 2. Nf3 e6 3. d4 cxd4 4. Nxd4 Bc5 5. Nb3 Bb6 6. Nc3 Ne7 7. Be2 O-O 8. O-O f5 9. Be3 f4 10. Bxb6 Qxb6 11. Qd4 Qd8 12. Qd6 Nbc6 13. Rad1 Ng6 14. Bh5 Nh4 15. Kh1 Qg5 16. Bf3 Ne5 17. Nd4 Nexf3 0-1

[Event "Early-Titled-Tuesday-Blitz-April-16-2024"]
[Site "Chess.com"]
[Date "2024.04.16"]
[Round "11"]
[White "rhwr"]
[Black "kritipatel"]
[Result "0-1"]
[WhiteElo "2275"]
[BlackElo "2198"]
[TimeControl "180+1"]
[EndTime "10:07:50 PDT"]
[Termination "kritipatel won by resignation"]

1. e4 e5 2. Bc4 Nf6 3. d3 Nc6 4.
Nf3 Bc5 5. O-O h6 6. c3 O-O 7. b4 Bb6 8. a4 a6 9. a5 Ba7 10. Qe2 d6 11. h3 Ne7 12. Be3 Ng6 13. Bxa7 Rxa7 14. g3 Bxh3 15. Rd1 Bg4 16. Qe3 Ra8 17. Rd2 Nh5 18. Nh2 Bh3 19. Na3 Qf6 20. Nc2 Ngf4 21.
gxf4 Qg6+ 0-1

[Event "Early-Titled-Tuesday-Blitz-April-16-2024"]
[Site "Chess.com"]
[Date "2024.04.16"]
[Round "11"]
[White "Alenzer"]
[Black "noblerone"]
[Result "1-0"]
[WhiteElo "2224"]
[BlackElo "2470"]
[TimeControl "180+1"]
[EndTime "10:08:05 PDT"]
[Termination "Alenzer won by resignation"]

1. e4 d5 2. exd5 Qxd5 3. Nc3 Qd8 4. d4 Nf6 5. Bf4 c6 6. Qd2 Bf5 7. Nf3 e6 8. O-O-O Bb4 9. Bd3 Ne4 10. Bxe4 Bxe4 11.
Qe3 Bxf3 12. Qxf3 Bxc3 13. Qxc3 O-O 14. h4 b5 15. h5 h6 16. Rh3 Nd7 17. Rg3 Nf6 18.
Bxh6 Nxh5 19. d5 f6 20. dxe6 Qd7 1-0

[Event "Early-Titled-Tuesday-Blitz-April-16-2024"]
[Site "Chess.com"]
[Date "2024.04.16"]
[Round "11"]
[White "Witik"]
[Black "santosalberto1987"]
[Result "1-0"]
[WhiteElo "2705"]
[BlackElo "2566"]
[TimeControl "180+1"]
[EndTime "10:08:08 PDT"]
[Termination "Witik won by resignation"]

1. d4 Nf6 2. c4 d6 3. Nf3 g6 4. g3 Bg7 5. Bg2 Bf5 6. O-O O-O 7. Ne1 Nc6 8. Nc3 a6 9. e4 Bd7 10. Nc2 Rb8 11. f4 e5 12. fxe5 dxe5 13. d5 Na5 14. c5 Qe7 15. b4 Nc4 16. Qd3 Bb5 17.
a4 Na3 18. axb5 1-0

[Event "Early-Titled-Tuesday-Blitz-April-16-2024"]
[Site "Chess.com"]
[Date "2024.04.16"]
[Round "11"]
[White "JaackCamel"]
[Black "Chesstiger64"]
[Result "1-0"]
[WhiteElo "2233"]
[BlackElo "2350"]
[TimeControl "180+1"]
[EndTime "10:08:10 PDT"]
[Termination "JaackCamel won by checkmate"]

1. d4 d6 2. Nf3 Bg4 3. c4 Bxf3 4. exf3 c6 5. Bd3 e6 6. O-O d5 7. Re1 dxc4 8. Bxc4 Nd7 9. d5 cxd5 10. Bxd5 Bb4 11. Nc3 Bxc3 12. bxc3 Qc7 13. Qb3 Nc5 14. Qb5+ Kf8 15.
Ba3 Rc8 16. Bxb7 Qxb7 17. Qxb7 Nh6 18. Qxc8+ Ke7 19. Bxc5+ Kf6 20. Qxh8 Nf5 21. Qxh7 g5 22. Qh8+ Kg6 23. Rad1 a6 24. Rd7 Nh4 25. Bd4 e5 26. Bxe5 Nxf3+ 27. gxf3 f6 28. Qh7# 1-0

[Event "Early-Titled-Tuesday-Blitz-April-16-2024"]
[Site "Chess.com"]
[Date "2024.04.16"]
[Round "11"]
[White "NasirAkylbekov"]
[Black "RandomNoob04"]
[Result "1-0"]
[WhiteElo "2537"]
[BlackElo "2656"]
[TimeControl "180+1"]
[EndTime "10:08:21 PDT"]
[Termination "NasirAkylbekov won by resignation"]

1. e4 d5 2. exd5 Qxd5 3. Nc3 Qa5 4. b4 Nf6 5. bxa5 a6 6. Nf3 Nc6 7. d4 Bg4 8. Be3 O-O-O 9. Be2 e6 10. h3 Bb4 11. hxg4 Bxc3+ 12. Kf1 e5 13. Rb1 exd4 14. Bg5 Rd6 15. Bxf6 Rxf6 16. g5 Re6 17. Bd3 h6 18. g3 Rhe8 19. Kg2 hxg5 20. Nxg5 Rf6 21. Qg4+ Kb8 22. Be4 Ne5 23. Rxb7+ Ka8 24. Rb5+ Ka7 25. Rb7+ Ka8 26. Rhb1 c6 27. Qe2 d3 28. Qe3 c5 29.
Rb8+ 1-0

[Event "Early-Titled-Tuesday-Blitz-April-16-2024"]
[Site "Chess.com"]
[Date "2024.04.16"]
[Round "11"]
[White "SpongeBob_03"]
[Black "Statham_01"]
[Result "0-1"]
[WhiteElo "2278"]
[BlackElo "2609"]
[TimeControl "180+1"]
[EndTime "10:08:34 PDT"]
[Termination "Statham_01 won by checkmate"]

1. e4 e5 2. Nf3 Nf6 3. Nxe5 Nc6 4. Nxc6 dxc6 5. d3 Bc5 6. Be2 h5 7. h3 Qd4 8. O-O Qe5 9. Kh1 Ng4 10. f4 Qf6 11. Qe1 Bd7 12. c3 Ne3 13. Bxe3 Bxe3 14. Bxh5 Bb6 15. Qe2 Qh4 16. Bxf7+ Kxf7 17. f5 Qg3 18.
Rf3 Rxh3+ 19. gxh3 Qg1# 0-1

[Event "Early-Titled-Tuesday-Blitz-April-16-2024"]
[Site "Chess.com"]
[Date "2024.04.16"]
[Round "11"]
[White "superchess02"]
[Black "nihalsarin"]
[Result "1-0"]
[WhiteElo "2924"]
[BlackElo "3144"]
[TimeControl "180+1"]
[EndTime "10:08:36 PDT"]
[Termination "superchess02 won by resignation"]

1. d4 Nf6 2. c4 g6 3. Nc3 Bg7 4. e4 d6 5. f3 Nc6 6. Nge2 a6 7. Be3 O-O 8. Qd2 Na5 9. Nf4 b5 10.
h4 h5 11. g4 hxg4 12. h5 gxf3 13. h6 Bh8 14. h7+ Kg7 15. d5 Bg4 16. Bd4 c5 17.
Qh2 f2+ 18. Kxf2 Bh5 19. Nxh5+ gxh5 20. Qxh5 1-0

[Event "Early-Titled-Tuesday-Blitz-April-16-2024"]
[Site "Chess.com"]
[Date "2024.04.16"]
[Round "11"]
[White "maurovargas01"]
[Black "ubdip"]
[Result "0-1"]
[WhiteElo "1902"]
[BlackElo "2354"]
[TimeControl "180+1"]
[EndTime "10:08:50 PDT"]
[Termination "ubdip won by resignation"]

1. e4 c5 2. Nc3 Nc6 3. f4 e6 4. Nf3 d5 5. e5 Nge7 6. d3 Nf5 7.
g4 Nfd4 8. h4 h5 9. g5 Nxf3+ 10.
Qxf3 Nd4 11. Qd1 Bd7 12. Bg2 Bc6 13. Nb1 Nf5 14. Nd2 Ne3 15. Qe2 Nxc2+ 16. Kd1 Nxa1 17. Rf1 g6 18. Nf3 Qa5 19. a3 Nb3 20. Be3 Bb5 21. Bf2 Qa4 22. Ke1 Rc8 23. Rh1 c4 24. Nd4 Nxd4 25. Bxd4 cxd3 26. Qd2 Qxd4 0-1

[Event "Early-Titled-Tuesday-Blitz-April-16-2024"]
[Site "Chess.com"]
[Date "2024.04.16"]
[Round "11"]
[White "dmosesov"]
[Black "XDPS"]
[Result "1/2-1/2"]
[WhiteElo "2640"]
[BlackElo "2828"]
[TimeControl "180+1"]
[EndTime "10:08:52 PDT"]
[Termination "Game drawn by repetition"]

1. Nf3 d5 2. c4 c6 3. e3 Nf6 4.
Nc3 e6 5. Qc2 Bd6 6. d4 O-O 7.
Be2 b6 8. O-O Bb7 9. e4 dxe4 10.
Nxe4 Nxe4 11. Qxe4 Nd7 12. Bd3 Nf6 13. Qh4 c5 14. d5 exd5 15. Bg5 h6 16. Bxh6 gxh6 17. Qxh6 dxc4 18. Qg5+ Kh8 19. Qh6+ Kg8 20. Qg5+ Kh8 21. Qh6+ Kg8 1/2-1/2

[Event "Early-Titled-Tuesday-Blitz-April-16-2024"]
[Site "Chess.com"]
[Date "2024.04.16"]
[Round "11"]
[White "Cheer_Down"]
[Black "MokshAD1603"]
[Result "1/2-1/2"]
[WhiteElo "2516"]
[BlackElo "2616"]
[TimeControl "180+1"]
[EndTime "10:08:54 PDT"]
[Termination "Game drawn by repetition"]

1. e4 c5 2. Nf3 e6 3. d4 cxd4 4. Nxd4 Nc6 5. Bf4 d6 6. Nxc6 bxc6 7. c4 e5 8. Be3 Nf6 9. Nc3 Ng4 10.
Bd2 Qb6 11. Qf3 Qxb2 12. Rb1 Qa3 13. Rb3 Qa5 14. Be2 Qd8 15. O-O Be7 16. c5 O-O 17.
cxd6 Bxd6 18. Rd1 Qe7 19. h3 Nf6 20. Bg5 Be6 21. Bxf6 gxf6 22. Rb7 Qxb7 23. Rxd6 Qe7 24. Rxc6 Kh8 25. Nd5 Bxd5 26. exd5 Rac8 27. Bd3 Rxc6 28. dxc6 Rg8 29. Qf5 Rg6 30. Qc8+ Rg8 31. Qf5 Rg6 32. Qc8+ Rg8 33. Qf5 1/2-1/2

[Event "Early-Titled-Tuesday-Blitz-April-16-2024"]
[Site "Chess.com"]
[Date "2024.04.16"]
[Round "11"]
[White "shimastream"]
[Black "Aradhya2000"]
[Result "0-1"]
[WhiteElo "3028"]
[BlackElo "2822"]
[TimeControl "180+1"]
[EndTime "10:08:55 PDT"]
[Termination "Aradhya2000 won by resignation"]

1. e4 e5 2. Nf3 Nc6 3. Nc3 Nf6 4. h3 g6 5. d4 exd4 6. Nxd4 Bg7 7. Nxc6 bxc6 8.
Bd3 O-O 9. O-O d5 10. Bf4 Rb8 11. Rb1 Re8 12. Re1 dxe4 13. Nxe4 Nxe4 14. Rxe4 Rxb2 15.
Rxb2 Rxe4 16. Bc1 Bxb2 17. Bxb2 Ba6 18. Qd2 Bxd3 19. Qc3 f6 20. cxd3 Re6 21. Qc4 Qd5 22. Qa6 Re1+ 23. Kh2 Qd6+ 24. g3 Re2 0-1

[Event "Early-Titled-Tuesday-Blitz-April-16-2024"]
[Site "Chess.com"]
[Date "2024.04.16"]
[Round "11"]
[White "Brahianzevich"]
[Black "romulocardoso"]
[Result "0-1"]
[WhiteElo "2490"]
[BlackElo "2322"]
[TimeControl "180+1"]
[EndTime "10:09:00 PDT"]
[Termination "romulocardoso won by resignation"]

1. e4 c5 2. Nf3 g6 3. d4 cxd4 4. Nxd4 Nc6 5. Nc3 Bg7 6. Nde2 Nf6 7. g3 O-O 8. Bg2 d6 9. O-O Be6 10. a4 Rc8 11. h3 Qd7 12. Be3 Bxh3 13. Nd5 Bxg2 14.
Kxg2 Ng4 15. Bc1 e6 16. Ndc3 e5 17. Rh1 Nd4 18. f3 Nxe2 19. Qxe2 Nf6 20. Bh6 d5 21. Bxg7 Kxg7 22. Qd2 dxe4 23. Qh6+ Kg8 24. Rad1 exf3+ 25. Kf1 Qc6 26. Nd5 Qc4+ 27. Kg1 f2+ 28. Kxf2 Ng4+ 0-1

[Event "Early-Titled-Tuesday-Blitz-April-16-2024"]
[Site "Chess.com"]
[Date "2024.04.16"]
[Round "11"]
[White "MaxLeto"]
[Black "GMCarbone"]
[Result "1-0"]
[WhiteElo "2422"]
[BlackElo "2559"]
[TimeControl "180+1"]
[EndTime "10:09:02 PDT"]
[Termination "MaxLeto won by resignation"]

1. g4 d5 2. Bg2 e6 3. d4 c5 4. c3 Nc6 5. Nf3 Nf6 6. g5 Ne4 7. h4 Bd6 8. Be3 O-O 9. Nbd2 cxd4 10. Nxe4 dxe4 11. Nxd4 f5 12. gxf6 gxf6 13. Nxc6 bxc6 14. Bxe4 Qc7 15. Qa4 Bd7 16. O-O-O Rab8 17. Qd4 Qb7 18.
Rd2 c5 19. Rg1+ Kh8 20. Qxd6 Qxe4 21. Qxd7 Rg8 22. Rxg8+ Rxg8 23. Rd1 f5 24. Bg5 Qe5 25.
Qf7 1-0

[Event "Early-Titled-Tuesday-Blitz-April-16-2024"]
[Site "Chess.com"]
[Date "2024.04.16"]
[Round "11"]
[White "Kushch_Nikolai"]
[Black "Ati1517"]
[Result "1-0"]
[WhiteElo "2366"]
[BlackElo "2244"]
[TimeControl "180+1"]
[EndTime "10:09:19 PDT"]
[Termination "Kushch_Nikolai won by resignation"]

1. Nf3 Nf6 2. c4 g6 3. b4 Bg7 4. Bb2 O-O 5. d4 d6 6. e3 Nbd7 7. Be2 a5 8. b5 c6 9. bxc6 bxc6 10. O-O Bb7 11. Nc3 Qc7 12. Qc2 e5 13. Ba3 Rfe8 14.
Rab1 exd4 15. exd4 c5 16. Nb5 Qb6 17. d5 Ba6 18.
Rfe1 Bxb5 19. Rxb5 Qc7 20. h3 Ne4 21. Bb2 Rab8 22.
a4 Nb6 23. Bxg7 Kxg7 24. Bd3 f5 25. Bxe4 fxe4 26. Ng5 Kg8 27. Rxe4 Rxe4 28. Qxe4 h6 29. Ne6 Qe7 30. Qxg6+ Kh8 31. Rb3 Nd7 32. Qxh6+ Kg8 33. Rg3+ Kf7 34. Rg7+ Ke8 35. Rxe7+ Kxe7 36. Qg7+ Ke8 37.
h4 Ne5 1-0

[Event "Early-Titled-Tuesday-Blitz-April-16-2024"]
[Site "Chess.com"]
[Date "2024.04.16"]
[Round "11"]
[White "chezzgirl04"]
[Black "KorolDimitriy75"]
[Result "0-1"]
[WhiteElo "2179"]
[BlackElo "2316"]
[TimeControl "180+1"]
[EndTime "10:09:24 PDT"]
[Termination "KorolDimitriy75 won by checkmate"]

1. e4 c5 2. Nf3 d6 3. d4 cxd4 4. Nxd4 Nf6 5. Nc3 g6 6. Nb3 Bg7 7. Be2 O-O 8. O-O Nc6 9. Be3 a6 10. f4 b5 11. Bf3 Bb7 12. a3 Nd7 13. Rb1 Na5 14. Nd5 Nc4 15. Bc1 e6 16. Nc3 Qb6+ 17. Kh1 Rfd8 18. f5 Nxa3 19. bxa3 Bxc3 20. fxe6 fxe6 21.
Bg4 Re8 22. Qf3 Bg7 23. Qf7+ Kh8 24. Qxd7 Rad8 25. Qf7 Rf8 26. Qxe6 Rxf1# 0-1

[Event "Early-Titled-Tuesday-Blitz-April-16-2024"]
[Site "Chess.com"]
[Date "2024.04.16"]
[Round "11"]
[White "Misterfox120"]
[Black "Shuvalov"]
[Result "0-1"]
[WhiteElo "2390"]
[BlackElo "2604"]
[TimeControl "180+1"]
[EndTime "10:09:29 PDT"]
[Termination "Shuvalov won by checkmate"]

1. d4 Nf6 2. Nc3 d5 3. Bf4 g6 4. e3 Bg7 5. Nb5 Na6 6. Nc3 Nb8 7. Nb5 Na6 8. Nc3 c5 9. Bxa6 bxa6 10. dxc5 Qa5 11.
Qd4 O-O 12. b4 Qa3 13. Be5 Bf5 14. Nge2 Rab8 15. Bxb8 Rxb8 16. Qf4 Rxb4 17. Qc7 Ne8 18. Qd8 Bxc3+ 19. Kd1 Bxc2+ 20. Kxc2 Qb2+ 21. Kd3 Qd2# 0-1

[Event "Early-Titled-Tuesday-Blitz-April-16-2024"]
[Site "Chess.com"]
[Date "2024.04.16"]
[Round "11"]
[White "Aygehovit1992"]
[Black "Rud_Makarian"]
[Result "0-1"]
[WhiteElo "2769"]
[BlackElo "3022"]
[TimeControl "180+1"]
[EndTime "10:09:30 PDT"]
[Termination "Rud_Makarian won by checkmate"]

1. e4 c5 2. Nf3 d6 3. d4 cxd4 4. Nxd4 Nf6 5. Nc3 Nc6 6. Bg5 Bd7 7. Nxc6 Bxc6 8. Bxf6 gxf6 9. Bb5 Qa5 10. Bxc6+ bxc6 11. O-O h5 12. Qd3 h4 13. Rad1 e6 14. Qc4 Kd7 15. f4 h3 16. g3 Rb8 17. f5 Be7 18. fxe6+ fxe6 19. e5 Rb4 20. Qd3 Qxe5 21.
Rfe1 Qc5+ 22. Kh1 f5 23. b3 Bf6 24. Ne2 Qd5+ 25. Kg1 Qg2# 0-1